 Dungeon Crawl Stone Soup version 0.20.1-1-g8b1a95d (webtiles) character file.

8 Gargoyl the Skirmisher (level 2, 26/27 HPs)
             Began as a Minotaur Abyssal Knight on Aug 1, 2017.
             Was a Follower of Lugonu.
             Quit the game on level 1 of the Dungeon.
             The game lasted 00:01:21 (709 turns).

Gargoyl the Skirmisher (Minotaur Abyssal Knight)     Turns: 709, Time: 00:01:22

Health: 26/27      AC:  4    Str: 16    XL:     2   Next: 0%
Magic:  2/2        EV: 11    Int:  9    God:    Lugonu [*.....]
Gold:   27         SH:  0    Dex:  9    Spells: 1/1 levels left

rFire    . . .     SeeInvis .   a - +1 hand axe
rCold    . . .     Gourm    .   (no shield)
rNeg     . . .     Faith    .   b - +0 leather armour
rPois    .         Spirit   .   (helmet restricted)
rElec    .         Reflect  .   g - +0 cloak
rCorr    .         Harm     .   (no gloves)
MR       .....                  (no boots)
Stlth    +.........             h - amulet of inaccuracy (curse)
Regen    0.1/turn               (no ring)
MPRegen  0.1/turn               (no ring)

@: no status effects
A: retaliatory headbutt, horns 2
a: Depart the Abyss, Renounce Religion


You were on level 1 of the Dungeon.
You worshipped Lugonu.
Lugonu was aware of your devotion.
You were not hungry.

You visited 1 branch of the dungeon, and saw 1 of its levels.
You visited the Abyss 1 time.

You collected 27 gold pieces.

Inventory:

Hand Weapons
 a - a +1 hand axe (weapon)
Armour
 b - a +0 leather armour (worn)
 g - a +0 cloak (worn)
Jewellery
 h - a cursed amulet of inaccuracy (around neck)
Scrolls
 e - a scroll of amnesia
Comestibles
 c - a bread ration


   Skills:
 + Level 4.1 Fighting
 + Level 2.6 Axes
 + Level 2.5 Armour
 + Level 1.1 Dodging
 + Level 1.8 Invocations


You had one spell level left.
You didn't know any spells.

Dungeon Overview and Level Annotations

Branches:
Dungeon (1/15)

Altars:


Innate Abilities, Weirdness & Mutations

You reflexively headbutt those who attack you in melee.
You have a pair of horns on your head.


Message History

All of the chunks of flesh in your inventory have rotted away.
A goblin comes into view.
The goblin shouts!
The goblin hits you but does no damage.
You barely miss the goblin. The goblin hits you but does no damage.
You miss the goblin. The goblin hits you.
You hit the goblin.
The goblin is heavily wounded.
The goblin hits you but does no damage.
You closely miss the goblin. Your headbutt misses the goblin.
The goblin is heavily wounded.
The goblin closely misses you.
You barely miss the goblin.
The goblin is heavily wounded.
The goblin hits you but does no damage. The goblin closely misses you.
Are you sure you want to abandon this character and quit the game? (Confirm with "yes".)
Okay, then.
Unknown command.
Unknown command.
Are you sure you want to abandon this character and quit the game? (Confirm with "yes".)

#. #....# #..
#.##.#####.
##'######..........
#.........#.######
#.........#.####..
#.........#...##.#
..........###.##.#
....###.### #.##g#
... #.## #...@# #)(#
####.# ##)# #..#
####(########.#
#..#...(....... ..
#..#.#######+## ####
#..#.#.. .#
#..#.#.###########.#
#..#.#.#.........#.#


You could see a goblin.

Vanquished Creatures
  A giant cockroach (D:1)
  A hobgoblin (D:1)
  5 kobolds (D:1)
  2 rats (D:1)
9 creatures vanquished.

Notes
Turn   | Place    | Note
-------+----------+-------------------------------------------
     0 | Abyss:1  | Gargoyl the Minotaur Abyssal Knight began the quest for the Orb.
     0 | Abyss:1  | Reached XP level 1. HP: 19/19 MP: 1/1
    49 | Abyss:1  | Found a corrupted altar of Lugonu.
    94 | Abyss:1  | Noticed a large abomination
    96 | Abyss:1  | Noticed a small abomination
   118 | Abyss:2  | Noticed a large abomination
   139 | Abyss:2  | Noticed a worldbinder
   141 | Abyss:2  | Noticed a vault sentinel
   141 | D:1      | Escaped the Abyss
   471 | D:1      | Reached skill level 4 in Fighting
   492 | D:1      | Reached * piety under Lugonu
   492 | D:1      | Reached XP level 2. HP: 9/27 MP: 2/2
   709 | D:1      | Quit the game

Skill      XL: |  1 |
---------------+----+-----
Fighting       | 4 |  4.1
Axes           | |  2.6
Armour         | |  2.5
Dodging        | |  1.1
Invocations    | |  1.8

Action                   || total
-------------------------++-------
Melee: Hand axe          ||    44
       Headbutt          ||     1
Invok: Depart the Abyss  ||     1
  Use: Scroll            ||     3
Armor: Leather armour    ||    20
Dodge: Dodged            ||    29
